 Dungeon Crawl Stone Soup version 0.21-a0-504-g2eda330 (webtiles) character file.

103 sagitran the Chiller (level 4, -1/31 HPs)
             Began as a Barachi Ice Elementalist on Nov 26, 2017.
             Slain by a gnoll
             ... wielding a +0 spear
              (6 damage)
             ... on level 3 of the Dungeon.
             The game lasted 00:09:42 (2307 turns).

sagitran the Chiller (Barachi Ice Elementalist)     Turns: 2307, Time: 00:09:42

Health: -1/31      AC:  3    Str:  9    XL:     4   Next: 79%
Magic:  4/9        EV: 14    Int: 17    God:
Gold:   166        SH:  0    Dex: 12    Spells: 3/9 levels left

rFire    . . .     SeeInvis .   l - +1 spear
rCold    . . .     Gourm    .   (no shield)
rNeg     . . .     Faith    .   t - +0 leather armour
rPois    .         Spirit   .   (no helmet)
rElec    .         Reflect  .   (no cloak)
rCorr    .         Harm     .   (no gloves)
MR       .....                  (no boots)
Stlth    ++........             (no amulet)
HPRegen  0.10/turn              j - +2 ring of evasion
MPRegen  0.11/turn              (no ring)

@: can't hop, slow
A: +LOS, swims, slowness 1, strong legs 1
a: Hop


You were on level 3 of the Dungeon.
You were not hungry.

You visited 1 branch of the dungeon, and saw 3 of its levels.

You collected 166 gold pieces.

Inventory:

Hand Weapons
 e - a +0 mace
 l - a +1 spear (weapon)
Missiles
 r - 4 exploding tomahawks (quivered)
Armour
 a - a +0 robe
 i - a +1 cloak
 p - a scarf of spirit shield
 t - a +0 leather armour (worn)
Jewellery
 j - a +2 ring of evasion (left hand)
Wands
 m - a wand of acid (4)
Scrolls
 d - a scroll of enchant weapon
 h - a scroll of amnesia
 n - a scroll of fog {unknown}
 q - a scroll of remove curse {unknown}
Potions
 f - a potion of lignification {unknown}
 g - a potion of haste {unknown}
 o - 2 potions of cancellation {unknown}
Books
 b - a book of Frost

   Spells                             Type                      Level
   a - Freeze                         Ice                          1
   b - Throw Frost                    Conjuration/Ice              2
   c - Ozocubu's Armour               Charms/Ice                   3
   d - Throw Icicle                   Conjuration/Ice              4
   e - Summon Ice Beast               Ice/Summoning                4
Comestibles
 c - 2 bread rations
 s - 20 fruits
 u - 8 chunks of flesh


   Skills:
 + Level 0.8 Fighting
 + Level 0.1 Maces & Flails
 + Level 1.0 Polearms
 + Level 0.2 Armour
 + Level 2.2 Dodging
 + Level 1.9 Stealth
 + Level 3.3 Spellcasting
 + Level 1.8 Conjurations
 + Level 4.7 Ice Magic


You had 3 spell levels left.
You knew the following spells:

 Your Spells              Type           Power        Failure   Level  Hunger
a - Freeze                Ice            ###.         3%          1    None
b - Throw Frost           Conj/Ice       ##....       10%         2    ##.....
c - Ozocubu's Armour      Chrm/Ice       ##......     26%         3    ###....


Dungeon Overview and Level Annotations

Branches:
Dungeon (3/15)

Altars:
Okawaru
The Shining One

Annotations:
D:3 Salmacis's ghost, amateur GrEE


Innate Abilities, Weirdness & Mutations

Shadows flee at your approach. (+LOS)
You can swim through water.
You cover ground slowly.
You can hop short distances.


Message History

Hop to where?
Press: ? - help, Dir - move target cursor, p - gnoll Boing!
Throwing (i - inventory):
r - 5 exploding tomahawks (quivered)
Press: ? - help, Shift-Dir - straight line, f - gnoll
Aim: a gnoll, wielding a flail You throw an exploding tomahawk.
The exploding tomahawk barely misses the gnoll.
The exploding tomahawk explodes!
The explosion of tomahawk fragments engulfs the gnoll.
Okay, then.
Okay, then.
Casting: Throw Frost
Confirm with . or Enter, or press ? or * to list all spells.
Okay, then.
The gnoll hits you from afar with a spear!
* * * LOW HITPOINT WARNING * * *
There is a stone staircase leading up here.
The gnoll hits you from afar with a spear.
You die...

#....##..#.....#.#
#................#
#.....#..........#
#...#.#..........#
####...#............#
+.<'...##...........#
#.##...##.).#'#+###.#
#.
#...###..#.#.###.####
#.
#.........@..........
#.
#....##..###g###.###
#. #....###.#.....#
#. #....# #.#g#.#.#.#
#. #....# #.#.......#
#. ####.# #.g##.#.###
#.#####.###..##.#.#
#.#.............#.#
#.....#.###.#...#.#


You could see a gnoll.

Vanquished Creatures
  4 gnolls (D:3)
  2 adders
  A worm (D:3)
  A dart slug (D:3)
  2 leopard geckos
  2 giant cockroaches
  7 goblins
  7 hobgoblins
  2 kobolds
  5 bats
  4 frilled lizards
  6 rats
43 creatures vanquished.

Notes
Turn   | Place    | Note
-------+----------+-------------------------------------------
     0 | D:1      | sagitran the Barachi Ice Elementalist began the quest for the Orb.
     0 | D:1      | Reached XP level 1. HP: 13/13 MP: 3/3
   225 | D:1      | Reached skill level 4 in Ice Magic
   308 | D:1      | Reached XP level 2. HP: 19/19 MP: 5/5
   315 | D:1      | Learned a level 2 spell: Throw Frost
   970 | D:2      | Reached XP level 3. HP: 23/24 MP: 7/7
   975 | D:2      | Learned a level 3 spell: Ozocubu's Armour
  1271 | D:2      | Found an iron altar of Okawaru.
  1788 | D:2      | Found a glowing golden altar of the Shining One.
  2230 | D:3      | Reached XP level 4. HP: 30/30 MP: 3/8
  2261 | D:3      | Reached skill level 1 in Polearms
  2291 | D:3      | Noticed Salmacis's ghost (amateur GrEE)
  2307 | D:3      | Slain by a gnoll

Vault maps used:
D:1:      ncdulo_watergridlock, grunt_decor_one_mirror
D:2:      okawaru_metal_pillars_1_2, nicolae_overflow_hidden_temple,
          first_bread, dk_vineyard_2
D:3:      old_standard_altar

Skill      XL: |  1  2  3  4 |
---------------+-------------+-----
Ice Magic      | 4 |  4.7
Spellcasting   | 3 |  3.3
Polearms       | 1 |  1.0
Fighting       | |  0.8
Maces & Flails | |  0.1
Armour         | |  0.2
Dodging        | |  2.2
Stealth        | |  1.9
Conjurations   | |  1.8

Action                   |  1- 3 |  4- 6 || total
-------------------------+-------+-------++-------
Melee: Mace              |     8 |       ||     8
       Spear             |    27 |    24 ||    51
Throw: Tomahawk          |       |     4 ||     4
 Cast: Freeze            |    13 |     2 ||    15
       Throw Frost       |    26 |     4 ||    30
 Abil: Hop               |       |     1 ||     1
  Use: Scroll            |     1 |     2 ||     3
 Stab: Sleeping          |     2 |       ||     2
  Eat: Chunk             |     4 |       ||     4
       Bread ration      |     1 |       ||     1
Armor: Robe              |     2 |       ||     2
       Leather armour    |       |     1 ||     1
Dodge: Dodged            |    24 |     7 ||    31

Table legend:
 A = Spawn XP
 B = Non-spawn XP
 C = Spawn XP percentage of total XP
 D = Spawn monster count
 E = Non-spawn monster count
 F = Spawn count percentage of total count
 G = Total turns spent on level
                    A         B        C        D         E        F      G
               +---------+---------+-------+---------+---------+-------+---------
         Total |       0 |     148 |   0.0 |       0 |      43 |   0.0 |  2307
               +---------+---------+-------+---------+---------+-------+---------
           D:1 |       0 |      30 |   0.0 |       0 |      18 |   0.0 |   902
           D:2 |       0 |      33 |   0.0 |       0 |      13 |   0.0 |  1277
           D:3 |       0 |      85 |   0.0 |       0 |      12 |   0.0 |   128
               +---------+---------+-------+---------+---------+-------+---------
